 Dungeon Crawl Stone Soup version 0.31-a0-960-g0fca184906 (webtiles) character file.

Game seed: 3866857174870229362

172 BinkBink the Trooper (level 5, 0/42 HPs)
             Began as a Demonspawn Fighter on Oct 23, 2023.
             Slain by a gnoll
             ... wielding a +0 halberd
              (12 damage)
             ... on level 3 of the Dungeon.
             The game lasted 00:02:27 (1764 turns).

BinkBink the Trooper (Demonspawn Fighter)           Turns: 1764, Time: 00:02:28

Health: 0/42       AC:  8    Str: 17    XL:     5   Next: 27%
Magic:  5/5        EV:  9    Int:  9    God:
Gold:   41         SH:  5    Dex: 14    Spells: 4/4 levels left

rFire   . . .        g - +1 hand axe (elec)
rCold   . . .        c - +0 buckler
rNeg    . . .        b - +0 scale mail
rPois   .            (helmet restricted)
rElec   .            j - scarf {+Inv}
rCorr   .            (no gloves)
SInv    +            (no boots)
Will    .....        (no amulet) Stlth
                     h - ring of see invisible
HPRegen 0.27/turn    (no ring)
MPRegen 0.09/turn

%: no passive effects
@: no status effects
A: antennae 1, yellow scales 1
a: Evoke Invisibility


You were on level 3 of the Dungeon.
You visited 1 branch of the dungeon, and saw 3 of its levels.

You collected 41 gold pieces.

Inventory:

Hand Weapons
 a - a +0 war axe
 g - a +1 hand axe of electrocution (weapon)
Missiles
 f - 2 throwing nets
Armour
 b - a +0 scale mail (worn)
 c - a +0 buckler (worn)
 j - a scarf of invisibility (worn)
Jewellery
 h - a ring of see invisible (left hand)
Scrolls
 e - a scroll of blinking {unknown}
 i - 3 scrolls of summoning {unknown}
Potions
 d - 3 potions of might
 k - a potion of curing {unknown}


   Skills:
 * Level 4.2 Fighting
 * Level 3.2 Axes
 + Level 3.2 Armour
 + Level 3.2 Shields


You had 4 spell levels left.
You didn't know any spells.
Your spell library contained the following spells:

 Spells                   Type           Power      Damage    Failure   Level
 Blink                    Tloc           0%         N/A       95%         2
 Manifold Assault         Tloc           0%         N/A       100%        4


Dungeon Overview and Level Annotations

Branches:
Dungeon (3/15)

Altars:


Innate Abilities, Weirdness & Mutations

You have a pair of small antennae on your head.
You are partially covered in yellow scales. (AC +2)


Message History

The adder poisons you! The hobgoblin closely misses you.
You feel sick.
You feel sick.
You see here 15 gold pieces.
You completely miss the adder.
The adder is lightly wounded.
You feel sick. The adder barely misses you. The adder closely misses you.
The gnoll closely misses you.
You hit the adder.
The adder is moderately wounded.
You feel sick.
You are no longer poisoned.
The adder bites you but does no damage. The gnoll closely misses you.
The adder bites you.
You closely miss the adder.
The adder is moderately wounded.
You block the gnoll's attack. The adder bites you but does no damage.
You closely miss the adder.
The adder is moderately wounded.
The adder bites you but does no damage. The gnoll barely misses you.
The adder closely misses you. The gnoll barely misses you.
You hit the adder.
The adder is moderately wounded.
The adder bites you.
The gnoll hits you from afar with a +0 halberd!
The adder attacks as it pursues you! You block the adder's attack. x2
You closely miss the adder.
The adder is moderately wounded.
The adder barely misses you. The gnoll barely misses you.
The adder bites you but does no damage.
You hit the adder.
The adder is almost dead.
The gnoll hits you from afar with a +0 halberd!
* * * LOW HITPOINT WARNING * * *
The adder closely misses you.
You barely miss the adder.
The adder is almost dead.
The adder barely misses you.
The gnoll hits you from afar with a +0 halberd!
You die...

### #. /...
.##### .....,
.....#
≈~....##....#
#.).....#
####.#### #gg#
##S## #.@###
#####...##
#.........#
#.######..###
##)..# ##
#.#.### #.
#.#....#######.
#.# #..........
#.# #.#...###.)


You could see a gnoll, an adder and a hobgoblin.

Vanquished Creatures
  A scorpion (D:3)
  5 adders (D:2)
  5 worms
  3 orcs
  6 ball pythons
  6 endoplasms
  A giant cockroach (D:3)
  4 goblins
  2 hobgoblins (D:1)
  5 kobolds
  4 quokkas
  4 bats
  3 frilled lizards
  6 rats
55 creatures vanquished.

Notes
Turn   | Place    | Note
-------+----------+-------------------------------------------
     0 | D:1      | BinkBink the Demonspawn Fighter began the quest for the
                  | Orb.
     0 | D:1      | Reached XP level 1. HP: 18/18 MP: 1/1
   116 | D:1      | Gained mutation: You have a pair of small antennae on your
                  | head. [demonic ancestry]
   116 | D:1      | Reached XP level 2. HP: 24/24 MP: 2/2
   652 | D:2      | Reached XP level 3. HP: 29/29 MP: 3/3
   811 | D:2      | Reached XP level 4. HP: 30/37 MP: 4/4
  1509 | D:3      | Noticed a scorpion
  1515 | D:3      | Killed a scorpion
  1516 | D:3      | Reached skill level 4 in Fighting
  1516 | D:3      | Gained mutation: You are partially covered in yellow
                  | scales. (AC +2) [demonic ancestry]
  1516 | D:3      | Reached XP level 5. HP: 30/42 MP: 5/5
  1764 | D:3      | Slain by a gnoll

Illustrated notes

Levels and vault maps discovered:
D:1:      dpeg_arrival_stone_temple_mockup, layout_basic, kennysheep_boxes
D:2:      layout_loops_ring, dk_noncrumbling_2, kennysheep_generic_room_15
D:3:      layout_basic, serial_shops, nicolae_shop_industrial_runoff

Skill      XL: |  1  2  3  4 |
---------------+-------------+-----
Axes           | 2 3 |  3.2
Armour         | 3 |  3.2
Shields        | 3 |  3.2
Fighting       | 4 |  4.2

Action                     |  1- 3 |  4- 6 || total
---------------------------+-------+-------++-------
  Melee: War axe           |    68 |       ||    68
         Hand axe          |    18 |    74 ||    92
 Armour: Scale mail        |    69 |    49 ||   118
  Dodge: Dodged            |    45 |    32 ||    77
  Block: Buckler           |    26 |    18 ||    44

Table legend: (Time is in decaauts)
 A = Elapsed time spent in this place.
 B = Non-inter-level travel time spent in this place.
 C = Inter-level travel time spent in this place.
 D = Time resting spent in this place.
 E = Time spent auto-exploring this place.
 F = Levels seen in this place.
 G = Mean time per level.
                   A        B        C        D        E       F      G
               +--------+--------+--------+--------+--------+-----+--------+
         Total |   1811 |   1772 |     39 |      0 |   1389 |   3 |  603.7 |
       Dungeon |   1811 |   1772 |     39 |      0 |   1389 |   3 |  603.7 |
               +--------+--------+--------+--------+--------+-----+--------+

Top non-repeatable levels by time:
     D:2: 786 daAuts
     D:1: 647 daAuts
     D:3: 378 daAuts
